Map: Nightshade LE

Players

liquidthermy (uThermal)

  • Race: Terran Terran
  • Spawn Location: 5:00

Cure - Winner!

  • Race: Terran Terran
  • League: Master
  • Spawn Location: 11:00

VOD

Have the link to the VOD?

Description

Time

  • Played on: Jan. 14, 2020, 3:59 p.m.
  • Length: 15:26
Show
View Real Time Build Order
Export as new Build Order

liquidthermy Terran 

Build Orders:  

Get SALT Encoding   

  12  0:01  SCV  
  13  0:14  SCV  
  14  0:17  Supply Depot  
  14  0:26  SCV  
  15  0:39  SCV  
  15  0:40  Barracks  
  16  0:43  Refinery  
  16  0:51  SCV  
  17  0:59  Barracks  
  17  1:03  SCV  
  18  1:15  SCV  
  19  1:27  Orbital Command, Reaper  
  20  1:33  Supply Depot  
  20  1:46  Reaper  
  21  1:53  SCV  
  22  2:06  SCV, Reaper  
  24  2:15  Command Center  
  24  2:18  SCV  
  25  2:25  Refinery  
  25  2:26  Marine  
  26  2:30  SCV  
  27  2:38  Marine, Bunker  
  27  2:42  SCV  
  29  2:46  Factory  
  29  2:48  Marine  
  30  2:54  Supply Depot  
  30  2:56  SCV  
  31  3:01  Barracks Reactor  
  30  3:10  SCV  
  31  3:16  Barracks Tech Lab  
  31  3:22  SCV  
  31  3:26  Orbital Command  
  32  3:31  Starport  
  32  3:35  SCV  
  32  3:36  Refinery  
  32  3:37  Marine  
  32  3:39  Factory Tech Lab  
  32  3:40  Marine  
  35  3:43  Marine  
  35  3:47  SCV  
  37  3:52  SCV  
  38  3:58  Cyclone  
  38  3:59  SCV  
  42  4:04  Marine, SCV  
  42  4:06  Marine  
  42  4:08  Marine  
  46  4:11  SCV  
  46  4:15  Supply Depot  
  46  4:16  SCV  
  48  4:19  Stimpack  
  48  4:23  SCV, Marine  
  50  4:24  Marine  
  50  4:28  Marine, SCV  
  53  4:35  SCV  
  53  4:37  Siege Tank  
  57  4:40  SCV  
  57  4:44  Marine x2  
  57  4:48  Supply Depot  
  54  5:02  Supply Depot  
  54  5:10  Marine x2, SCV, Viking, Siege Tank  
  62  5:14  Marine, SCV  
  56  5:22  SCV  
  56  5:27  Marine x2  
  54  5:31  SCV  
  54  5:32  Marine  
  54  5:38  SCV  
  54  5:42  Siege Tank  
  57  5:45  Marine x2  
  57  5:50  Marine  
  53  5:58  Command Center  
  53  6:03  Marine x2  
  55  6:08  Marine  
  50  6:14  Siege Tank  
  50  6:16  SCV  
  52  6:21  Marine x2  
  52  6:22  SCV, Starport Tech Lab  
  52  6:23  Combat Shield  
  54  6:25  Marine  
  54  6:28  SCV  
  56  6:32  Engineering Bay  
  56  6:34  Engineering Bay  
  56  6:35  SCV  
  56  6:39  Marine x2  
  59  6:40  Raven  
  59  6:42  SCV  
  59  6:43  Marine  
  59  6:46  Siege Tank  
  63  6:47  SCV  
  64  6:55  SCV  
  64  6:56  Marine x2, Supply Depot  
  64  7:01  Marine, Missile Turret  
  67  7:03  Missile Turret  
  67  7:07  Terran Infantry Weapons Level 1, Terran Infantry Armor Level 1  
  68  7:11  Orbital Command  
  68  7:14  Marine  
  69  7:19  Refinery, Siege Tank  
  69  7:20  Marine  
  73  7:24  Marine  
  71  7:30  Barracks  
  71  7:32  Marine  
  71  7:36  SCV  
  69  7:38  Marine  
  69  7:41  SCV  
  69  7:42  Marine  
  69  7:43  Orbital Command  
  71  7:48  SCV  
  71  7:51  Marine, Starport Reactor, Siege Tank  
  76  7:53  SCV  
  76  7:56  Marine  
  78  8:00  SCV  
  78  8:01  Barracks  
  78  8:03  Barracks  
  78  8:05  SCV  
  80  8:09  SCV  
  82  8:12  SCV  
  82  8:16  Marine x2  
  82  8:17  SCV, Supply Depot  
  82  8:18  Sensor Tower, Barracks Reactor  
  85  8:21  SCV  
  85  8:23  Armory  
  85  8:24  SCV  
  87  8:27  Siege Tank  
  87  8:29  SCV  
  87  8:30  Medivac  
  93  8:39  SCV x2, Marine, Supply Depot, Medivac  
  98  8:41  SCV  
  98  8:48  Marine  
  100  8:51  SCV, Barracks Reactor x2  
  101  8:56  Missile Turret x2, Supply Depot  
  101  9:00  Marine x2, SCV x2  
  105  9:04  SCV  
  108  9:11  Supply Depot, Siege Tank  
  108  9:12  Terran Infantry Weapons Level 2  
  108  9:13  Refinery  
  108  9:14  Refinery  
  109  9:17  Terran Infantry Armor Level 2  
  109  9:18  SCV  
  109  9:19  SCV  
  109  9:20  SCV  
  109  9:23  Marine, Supply Depot  
  113  9:24  Marine  
  113  9:29  Marine x2  
  113  9:30  SCV  
  117  9:32  Marine x2  
  117  9:33  SCV  
  117  9:36  Marine x2  
  117  9:37  Marine, Supply Depot  
  117  9:38  Medivac  
  125  9:45  SCV x2, Medivac  
  129  9:47  Supply Depot  
  129  9:51  Supply Depot  
  129  9:52  Marine x4, Terran Vehicle Weapons Level 1  
  132  9:58  Marine  
  132  9:59  Siege Tank  
  137  10:01  Marine  
  137  10:02  Supply Depot  
  137  10:04  Marine  
  137  10:06  Marine  
  139  10:07  Marine  
  139  10:10  Marine x3  
  142  10:20  Marine x3, Medivac  
  145  10:22  Marine  
  145  10:24  Marine  
  145  10:25  Marine, Medivac  
  145  10:27  Marine  
  138  10:28  Marine x2  
  138  10:31  Siege Tank  
  141  10:38  Marine x3  
  141  10:40  Marine  
  141  10:42  Marine  
  132  10:43  Marine  
  132  10:46  Marine  
  132  10:48  Orbital Command  
  132  10:49  Marine  
  132  10:50  Medivac  
  132  10:51  Marine  
  128  11:01  Marine  
  128  11:02  Marine  
  113  11:04  Marine  
  113  11:06  Marine  
  113  11:08  Marine  
  113  11:09  Marine x2  
  111  11:11  Marine  
  111  11:18  Marine  
  113  11:19  Marine  
  113  11:23  Medivac  
  113  11:25  Marine  
  112  11:27  Marine  
  112  11:29  Marine  
  112  11:32  Marine, Siege Tank  
  117  11:33  SCV  
  117  11:38  Marine  
  117  11:39  Marine  
  120  11:40  Marine  
  120  11:41  Marine, SCV  
  123  11:49  Marine  
  123  11:52  Marine x2  
  126  11:54  SCV, Marine  
  126  11:55  Supply Depot  
  126  12:01  Marine  
  128  12:06  Marine  
  119  12:11  Marine, Medivac  
  119  12:12  Marine x4  
  119  12:14  Marine, Medivac  
  119  12:17  Marine  
  119  12:19  Marine  
  120  12:24  Marine, Siege Tank  
  120  12:29  Marine x3, Terran Infantry Weapons Level 3  
  125  12:33  Marine x2  
  125  12:34  Marine  
  126  12:38  Marine x2  
  126  12:41  Marine  
  129  12:47  Marine x3  
  126  12:55  Marine  
  109  12:59  Marine x2, Siege Tank  
  109  13:01  Marine  
  106  13:06  Marine  
  106  13:07  Marine  
  106  13:08  Marine  
  106  13:09  Marine  
  106  13:10  Marine  
  102  13:12  Marine  
  102  13:14  Viking x2  
  102  13:16  Marine  
  102  13:17  Marine  
  102  13:19  Marine  
  109  13:24  Marine  
  109  13:25  Marine  
  109  13:26  Marine  
  112  13:27  Marine  
  112  13:28  Marine  
  112  13:30  Marine  
  112  13:31  Siege Tank  
  118  13:34  Marine x2  
  118  13:37  Marine  
  120  13:42  Marine  
  120  13:43  Marine  
  120  13:44  Marine  
  120  13:45  Marine  
  120  13:46  Marine, Viking  
  124  13:48  Marine  
  124  13:52  Marine x2  
  124  13:54  Marine  
  128  14:00  Marine  
  128  14:01  Marine x2  
  131  14:03  Marine x2, Supply Depot, Siege Tank  
  131  14:06  Marine  
  137  14:10  Marine x2  
  137  14:12  Marine  
  139  14:17  Marine  
  139  14:18  Orbital Command  
  139  14:19  Marine  
  141  14:24  Marine  
  141  14:25  Supply Depot  
  141  14:27  Supply Depot  
  141  14:28  Marine x2  
  141  14:30  Marine  
  145  14:40  Marine x2  
  145  14:42  Medivac x2  
  145  14:43  Marine  
  145  14:44  Marine  
  145  14:45  Marine  
  145  14:46  Marine  
  145  14:47  Marine  
  145  14:51  Marine  
  140  14:53  Marine  
  140  14:58  Marine  
  121  15:06  Marine x2  
Show
View Real Time Build Order
Export as new Build Order

Cure Terran - Winner!

Build Orders:  

Get SALT Encoding   

  12  0:00  SCV  
  13  0:13  SCV  
  14  0:17  Supply Depot  
  14  0:25  SCV  
  14  0:27  Refinery  
  15  0:39  SCV  
  16  0:44  Barracks  
  16  0:51  SCV  
  16  0:55  Refinery  
  17  1:03  SCV  
  18  1:15  SCV  
  19  1:30  Orbital Command  
  19  1:31  Factory  
  19  1:35  Reaper  
  20  1:45  Supply Depot  
  20  1:57  SCV  
  21  2:07  Reaper  
  21  2:09  SCV  
  21  2:15  Hellion  
  24  2:21  SCV  
  25  2:28  Command Center  
  25  2:33  SCV  
  26  2:37  Factory Tech Lab  
  26  2:39  Supply Depot  
  26  2:42  Barracks Reactor  
  26  2:46  SCV  
  27  2:54  Starport  
  27  2:58  SCV  
  28  3:07  Siege Tank  
  28  3:10  SCV  
  32  3:18  Marine x2  
  34  3:22  SCV  
  35  3:30  Medivac  
  37  3:34  SCV  
  37  3:36  Marine, Refinery  
  37  3:40  Marine  
  40  3:41  Orbital Command  
  40  3:46  SCV  
  41  3:50  Siege Tank  
  41  3:55  Marine  
  45  3:57  Marine  
  45  4:02  Supply Depot  
  46  4:06  Medivac  
  46  4:08  SCV x2  
  50  4:16  Marine x2  
  52  4:20  SCV x2  
  54  4:24  Supply Depot  
  54  4:32  Liberator  
  54  4:34  Siege Tank  
  54  4:36  SCV x2  
  54  4:37  Marine x2  
  61  4:48  SCV x2  
  66  4:55  Supply Depot  
  66  4:56  Marine x2, Supply Depot  
  68  5:00  SCV x2  
  70  5:14  SCV x2, Marine x2  
  70  5:16  Siege Tank  
  70  5:17  Liberator  
  64  5:26  SCV x2  
  65  5:31  Marine  
  65  5:32  Marine  
  67  5:38  SCV x2  
  67  5:39  Barracks  
  69  5:45  Barracks  
  69  5:50  SCV, Marine x2  
  69  5:51  SCV  
  71  6:01  Liberator, Siege Tank  
  71  6:02  SCV  
  71  6:03  SCV  
  73  6:08  Marine x2  
  70  6:14  SCV  
  70  6:15  SCV, Engineering Bay  
  70  6:16  Refinery  
  70  6:17  Engineering Bay  
  69  6:26  SCV, Barracks Tech Lab  
  69  6:27  SCV  
  69  6:30  Marine  
  69  6:31  Marine  
  73  6:34  Barracks, Barracks Tech Lab  
  73  6:37  Barracks  
  73  6:42  Terran Infantry Weapons Level 1  
  73  6:43  Terran Infantry Armor Level 1  
  73  6:47  Command Center  
  73  6:48  Marine x3  
  73  6:52  SCV  
  73  6:53  SCV, Stimpack  
  78  7:02  Sensor Tower  
  78  7:04  Starport Reactor  
  78  7:05  SCV x2, Marine x2  
  78  7:06  Marine x2  
  84  7:10  Sensor Tower  
  84  7:13  Supply Depot x2  
  84  7:17  SCV x2  
  84  7:21  Combat Shield  
  86  7:34  Marine x4  
  86  7:35  SCV x2, Siege Tank  
  86  7:36  Supply Depot  
  95  7:37  Supply Depot  
  95  7:39  Barracks Reactor x2  
  92  7:44  Medivac x2  
  92  7:50  SCV x2  
  98  7:52  Marine x4  
  98  7:54  Armory  
  102  8:00  Orbital Command  
  102  8:04  Refinery  
  102  8:05  SCV x2, Refinery  
  104  8:10  Marine x4  
  108  8:15  Siege Tank  
  108  8:16  Marine x3  
  108  8:17  Marine, SCV x2  
  117  8:28  Marine x4  
  117  8:33  SCV x3, Marine x2  
  126  8:35  Supply Depot  
  126  8:36  Supply Depot  
  126  8:37  Supply Depot  
  126  8:43  Terran Infantry Weapons Level 2, Terran Infantry Armor Level 2  
  126  8:45  Terran Vehicle Weapons Level 1  
  124  8:52  Marine x7  
  128  8:58  Factory  
  128  8:59  Medivac  
  128  9:01  Missile Turret  
  130  9:07  Barracks Reactor  
  130  9:08  Medivac  
  132  9:10  Marine x6  
  132  9:16  Supply Depot x2  
  138  9:17  Supply Depot  
  138  9:20  Marine  
  138  9:23  Siege Tank  
  142  9:27  Marine x2  
  142  9:28  Marine  
  142  9:29  Command Center  
  142  9:30  Marine x3  
  148  9:38  Marine, Medivac x2  
  148  9:42  Marine x2, Supply Depot x2  
  148  9:45  Marine x3  
  155  9:48  Marine x2  
  155  9:52  SCV x3  
  163  9:54  Marine, Supply Depot  
  163  9:56  Marine  
  165  10:00  Marine x2  
  165  10:03  Marine  
  165  10:06  Marine x2, Siege Tank x2  
  165  10:07  Marine x2  
  168  10:24  Marine x6  
  159  10:32  SCV x3  
  155  10:38  Marine x2, Siege Tank x2  
  155  10:39  Marine  
  155  10:41  Marine x2  
  155  10:42  Marine  
  145  10:44  SCV  
  145  10:47  Medivac x2  
  145  10:48  Marine x2  
  148  10:50  SCV x2  
  150  11:00  Terran Infantry Weapons Level 3  
  137  11:05  Marine x4  
  137  11:10  Siege Tank  
  134  11:11  Planetary Fortress  
  129  11:20  Siege Tank  
  129  11:21  Marine x4  
  132  11:28  Viking x2  
  135  11:34  Marine x5  
  135  11:39  Marine  
  137  11:40  Marine x3  
  140  11:49  Siege Tank  
  140  11:52  Marine x5  
  146  11:57  Marine  
  146  11:58  Marine x3  
  123  12:09  Marine x4  
  123  12:10  Marine  
  123  12:11  Siege Tank  
  123  12:15  Marine  
  122  12:16  Marine x3  
  122  12:20  Liberator  
  122  12:21  Liberator  
  122  12:22  Terran Infantry Armor Level 3  
  121  12:27  Marine x4, Siege Tank  
  121  12:28  Marine  
  129  12:32  Marine  
  129  12:34  Marine x3  
  139  12:45  Marine x4  
  139  12:46  Marine  
  139  12:49  Siege Tank  
  139  12:50  Marine  
  144  12:52  Marine x3  
  126  12:59  Siege Tank  
  126  13:03  Marine x4  
  126  13:04  Marine  
  126  13:08  Marine  
  126  13:09  Marine x2  
  126  13:10  Marine  
  119  13:21  Marine x5  
  119  13:22  Siege Tank  
  119  13:26  Marine  
  127  13:27  Marine x2  
  127  13:31  Siege Tank  
  127  13:34  Marine  
  127  13:35  SCV x2  
  127  13:36  SCV  
  127  13:38  Marine  
  130  13:42  Marine x4  
  131  13:50  Viking x2  
  131  13:54  Siege Tank  
  138  14:00  Marine x6  
  144  14:03  Siege Tank  
  147  14:11  Marine x3  
  150  14:18  Marine  
  150  14:20  Sensor Tower, Viking x2  
  150  14:22  Marine x5  
  160  14:26  Siege Tank  
  160  14:28  Sensor Tower  
  160  14:29  Marine, Orbital Command  
  164  14:35  Siege Tank  
  167  14:42  Marine x8  
  172  14:50  Viking x2  
  172  14:51  Marine  
  175  14:59  Marine x2  
  165  15:00  Marine x3  
  165  15:02  Marine x3  
Tags
 
Add a new tag
Caveats
  • Supply blocks, unpowered buildings, or Contaminate may cause inaccurate times.
  • Supply counts are checked every 10 seconds.